 Dungeon Crawl Stone Soup version 0.28.0-47-ge53b351184 (webtiles) character file.

Game seed: 11867367714140160815

13661 hawla the Cruncher (level 11, -4/84 HPs)
             Began as a Black Draconian Venom Mage on Apr 29, 2022.
             Slain by an ice dragon (7 damage)
             ... on level 11 of the Dungeon.
             The game lasted 00:59:34 (13970 turns).

hawla the Cruncher (Black Draconian Venom Mage)    Turns: 13970, Time: 00:59:36

Health: -4/84      AC: 12    Str: 12    XL:     11   Next: 78%
Magic:  11/23      EV: 12    Int: 25    God:
Gold:   444        SH:  0    Dex: 11    Spells: 6/26 levels left

rFire   . . .      SeeInvis .   h - +4 quarterstaff (flame)
rCold   + . .      Faith    .   (shield currently unavailable)
rNeg    . . .      Spirit   .   (armour unavailable)
rPois   .          Reflect  .   L - +2 hat
rElec   +          Harm     .   (no cloak)
rCorr   .          Rampage  .   o - +2 pair of gloves
Will    +....                   (no boots)
Stlth   ++........              a - amulet of regeneration
HPRegen 1.04/turn               l - ring of protection from cold
MPRegen 0.18/turn               E - +6 ring of intelligence

@: mighty
A: breathe lightning, AC +7, unfitting armour, electricity resistance,
cold-blooded, strong-willed 1
a: Breathe Lightning


You were on level 11 of the Dungeon.
You visited 1 branch of the dungeon, and saw 11 of its levels.
You also visited: Bailey.

You collected 631 gold pieces.
You spent 187 gold pieces at shops.

Inventory:

Hand Weapons
 h - a +4 quarterstaff of flaming (weapon)
Missiles
 e - 4 boomerangs (quivered)
 j - 2 throwing nets
 w - 13 poisoned darts
 y - 4 curare-tipped darts
 F - a boomerang of dispersal
Armour
 k - a +0 cloak
 o - a +2 pair of gloves (worn)
 I - a +0 buckler
 L - a +2 hat (worn)
Magical Staves
 r - a staff of cold
Jewellery
 a - an amulet of regeneration (around neck)
 b - a ring of willpower
 c - a ring of resist corrosion
 l - a ring of protection from cold (left hand)
 m - a ring of wizardry
 x - a +6 ring of strength
 E - a +6 ring of intelligence (right hand)
 H - a ring of fire
Wands
 p - a wand of charming (3)
 v - a wand of paralysis (6)
 K - a wand of iceblast (2)
 M - a wand of flame (10)
Scrolls
 i - 2 scrolls of brand weapon
 n - a scroll of enchant weapon
 C - 2 scrolls of silence
 J - a scroll of identify
Potions
 d - a potion of attraction
 f - a potion of flight
 g - 3 potions of brilliance
 q - 5 potions of might
 t - 3 potions of curing
 u - a potion of magic
 z - 2 potions of degeneration
 A - a potion of haste
 D - 2 potions of cancellation


   Skills:
 - Level 4.0 Fighting
 + Level 11.1 Staves
 - Level 2.0 Throwing
 - Level 3.0 Dodging
 - Level 2.0 Stealth
 - Level 8.0 Spellcasting
 + Level 5.5 Conjurations
 + Level 4.3 Necromancy
 - Level 1.0 Transmutations
 + Level 6.5 Ice Magic
 + Level 5.7 Air Magic
 - Level 5.4 Poison Magic
 - Level 2.0 Evocations


You had 6 spell levels left.
You knew the following spells:

 Your Spells              Type           Power      Damage    Failure   Level
a - Sting                 Tmut/Pois      100%       1d8       1%          1
b - Poisonous Vapours     Pois/Air       74%        N/A       1%          2
c - Olgreb's Toxic Radia  Pois           37%        N/A       6%          4
d - Dispel Undead         Necr           31%        3d14      11%         4
e - Hailstorm             Conj/Ice       40%        3d10      4%          4
f - Freezing Cloud        Conj/Ice/Air   19%        6-21      14%         5

Your spell library contained the following spells:

 Spells                   Type           Power      Damage    Failure   Level
 Static Discharge         Conj/Air       38%        N/A       1%          2
 Mephitic Cloud           Conj/Pois/Air  37%        N/A       1%          3
 Ignite Poison            Fire/Tmut/Pois 20%        N/A       8%          3
 Ice Form                 Ice/Tmut       28%        N/A       13%         4
 Gell's Gravitas          Tloc           10%        N/A       19%         3
 Portal Projectile        Hex/Tloc       20%        N/A       19%         3
 Teleport Other           Tloc           10%        N/A       19%         3
 Sticky Flame             Conj/Fire      23%        2d4       19%         4
 Excruciating Wounds      Necr           15%        N/A       28%         5
 Simulacrum               Ice/Necr       18%        N/A       69%         6
 Blade Hands              Tmut           7%         N/A       73%         5
 Dispersal                Tloc           5%         N/A       100%        6
 Chain Lightning          Conj/Air       19%        3d25      100%        9
 Fire Storm               Conj/Fire      11%        8d3       100%        9
 Shatter                  Erth           5%         3d8*      100%        9


Dungeon Overview and Level Annotations

Branches:
Dungeon (11/15)            Temple (0/1) D:6            Lair (0/6) D:8
    Orc (0/2) D:9          Bailey (visited)

Altars:
Zin

Shops:
D:4 :   D:7 *!*

Annotations:
D:9 dig the gold


Innate Abilities, Weirdness & Mutations

You can breathe wild blasts of lightning.
Your glossy black scales are hard. (AC +7)
You cannot fit into any form of body armour.
You are resistant to electric shocks. (rElec)
You are cold-blooded and may be slowed by cold attacks.
You are strong-willed. (Will+)


Message History

The polar bear rages.
Aiming: Throw Flame
Press: ? - help, Shift-Dir - straight line, f/p - ice dragon
Aim: an ice dragon (heavily wounded, covered in acid, 79% to hit)
The puff of flame misses the ice dragon.
The puff of flame hits the polar bear!
You kill the polar bear!
The ice dragon breathes frost at you. The blast of cold hits you. You resist.
You sock the ice dragon! You burn the ice dragon.
The ice dragon is severely wounded.
The ice dragon breathes frost at you. The blast of cold hits you! You resist.
You thump the ice dragon! You burn the ice dragon.
The ice dragon is severely wounded.
The ice dragon bites you but does no damage.
The ice dragon closely misses you. The ice dragon tramples you.
* * * LOW HITPOINT WARNING * * *
You hold your ground!
The ice dragon breathes frost at you. The blast of cold misses you.
Aiming: Paralyse
Press: ? - help, Shift-Dir - straight line, f/p - ice dragon
Aim: an ice dragon (severely wounded, chance to affect: 37%)
The ice dragon easily resists.
The ice dragon breathes frost at you. The blast of cold hits you! You resist.
* * * LOW HITPOINT WARNING * * *
You feel very mighty all of a sudden.
The ice dragon misses you. x2; The ice dragon closely misses you.
You barely miss the ice dragon.
The ice dragon is severely wounded.
You sock the ice dragon! You burn the ice dragon!
The ice dragon is almost dead.
The ice dragon bites you!
* * * LOW HITPOINT WARNING * * *
The ice dragon claws you!
* * * LOW HITPOINT WARNING * * *
The ice dragon tramples you!
You die...

.#.# #.# #.# .#.#
#.# #.# .#.# #.#
#.# .#.# #.# #.#
.#.## #.# #.#
....## ##########
### ###
.###.####........#
# .#
#.......#####.####
... .###.####(##
#@##.###.....
..........#
#D#.#.††.....
###########
#..####.#.... ####
# .


You could see an ice dragon.

Vanquished Creatures
  Fannar (D:11)
  2 two-headed ogres (D:11)
  An orc knight (Bailey)
  An ugly thing (D:11)
  An elephant (D:8)
  3 kobold demonologists
  2 trolls (D:11)
  Grinder (D:5)
  3 polar bears (D:11)
  Sigmund (D:2)
  2 yaks (D:11)
  2 basilisks (D:8)
  5 wyverns
  A steam dragon (D:8)
  4 vampire mosquitoes
  2 acid dragons
  Edmund (D:4)
  A water moccasin (D:4)
  An ice beast (D:8)
  10 orc warriors
  2 black bears (D:6)
  3 ogres
  A phantom (D:5)
  A wolf (D:11)
  6 kobold brigands
  A bullfrog (D:7)
  A gnoll sergeant (D:8)
  A wyvern zombie (D:8)
  A scorpion (D:6)
  9 killer bees
  3 wights (D:10)
  A bullfrog zombie (D:6)
  4 centaur zombies
  4 bullfrog skeletons
  A hound (D:5)
  A jelly (D:6)
  4 orc priests
  A gnoll shaman (D:6)
  2 iguanas
  8 orc wizards
  2 killer bee zombies
  Robin (D:1)
  A howler monkey zombie (D:10)
  11 gnolls
  8 adders
  A shadow imp (D:6)
  2 white imps
  An ufetubus (D:4)
  2 adder zombies (D:5)
  A worm (D:3)
  2 dart slugs
  54 orcs
  7 endoplasms
  4 giant cockroaches
  8 hobgoblins
  6 jackals
  2 quokkas
  11 ball pythons
  7 bats
  A frilled lizard (D:2)
  16 goblins
  28 kobolds
  3 rats
279 creatures vanquished.

Vanquished Creatures (collateral kills)
  Harold (D:10)
  An orc knight (Bailey)
  A troll (D:8)
  3 vampire mosquitoes (D:8)
6 creatures vanquished.

Vanquished Creatures (others)
  An orc (D:5)
1 creature vanquished.

Grand Total: 286 creatures vanquished

Notes
Turn   | Place    | Note
-------+----------+-------------------------------------------
     0 | D:1      | hawla the Draconian Venom Mage began the quest for the Orb.
     0 | D:1      | Reached XP level 1. HP: 14/14 MP: 3/3
   519 | D:1      | Reached XP level 2. HP: 17/20 MP: 1/5
   522 | D:1      | Learned a level 2 spell: Poisonous Vapours
   799 | D:1      | Found a faded altar of an unknown god.
   912 | D:2      | Noticed Robin
  1100 | D:1      | Killed Robin
  1101 | D:1      | Reached XP level 3. HP: 25/26 MP: 0/6
  1452 | D:2      | Noticed Sigmund
  1472 | D:1      | Reached XP level 4. HP: 33/33 MP: 4/8
  1510 | D:1      | Learned a level 4 spell: Olgreb's Toxic Radiance
  1822 | D:2      | Killed Sigmund
  1823 | D:2      | Reached XP level 5. HP: 34/39 MP: 0/10
  2157 | D:2      | Learned a level 4 spell: Dispel Undead
  2788 | D:3      | Reached XP level 6. HP: 46/46 MP: 11/11
  3221 | D:3      | Reached skill level 5 in Poison Magic
  3938 | D:4      | Reached skill level 1 in Staves
  4006 | D:4      | Reached skill level 1 in Fighting
  4136 | D:4      | Noticed a water moccasin
  4150 | D:4      | Killed a water moccasin
  4151 | D:4      | Your scales start taking on a glossy black colour.
  4151 | D:4      | Reached XP level 7. HP: 26/55 MP: 5/14
  4151 | D:4      | Gained mutation: You are resistant to electric shocks.
                  | (rElec) [Black Draconian growth]
  4243 | D:4      | Noticed Edmund
  4270 | D:4      | Killed Edmund
  4271 | D:4      | Reached skill level 1 in Throwing
  4271 | D:4      | Reached skill level 1 in Necromancy
  4527 | D:4      | Found Vubritud's Book Shoppe.
  4658 | D:5      | Entered Level 5 of the Dungeon
  4675 | D:5      | Reached skill level 5 in Spellcasting
  5094 | D:5      | Noticed Grinder
  5135 | D:5      | Killed Grinder
  5136 | D:5      | Reached skill level 3 in Staves
  5136 | D:5      | Reached XP level 8. HP: 63/63 MP: 15/15
  5141 | D:5      | Learned a level 4 spell: Hailstorm
  5784 | D:6      | Reached skill level 1 in Conjurations
  5784 | D:6      | Reached skill level 1 in Ice Magic
  6096 | D:6      | Reached skill level 4 in Staves
  6537 | D:6      | Found a staircase to the Ecumenical Temple.
  7129 | D:7      | Reached XP level 9. HP: 53/69 MP: 13/18
  7130 | D:7      | Reached skill level 5 in Staves
  7144 | D:7      | Learned a level 5 spell: Freezing Cloud
  7252 | D:7      | Reached skill level 1 in Air Magic
  7319 | D:7      | Found Goibimit's General Store.
  7374 | D:7      | Found Domm's Distillery.
  7386 | D:7      | Bought a potion of mutation for 88 gold pieces
  7386 | D:7      | Bought a potion of degeneration for 11 gold pieces
  7386 | D:7      | Gained mutation: You tend to lose your temper in combat.
                  | [potion of mutation]
  7386 | D:7      | Gained mutation: You have very sharp teeth. [potion of
                  | mutation]
  7387 | D:7      | Bought a potion of mutation for 88 gold pieces
  7387 | D:7      | Lost mutation: You tend to lose your temper in combat.
                  | [potion of mutation]
  7387 | D:7      | Lost mutation: You have very sharp teeth. [potion of
                  | mutation]
  7387 | D:7      | Gained mutation: You are strong-willed. (Will+) [potion of
                  | mutation]
  7684 | D:7      | Found Weetzoda's General Store.
  7768 | D:8      | Found a staircase to the Lair.
  7768 | D:8      | Noticed an elephant
  7785 | D:8      | Killed an elephant
  7786 | D:8      | Reached skill level 6 in Staves
  7903 | D:8      | Reached skill level 5 in Ice Magic
  8107 | D:8      | Found a flagged portal.
  8123 | Bailey   | Entered a bailey
  8390 | Bailey   | Noticed an orc knight
  8464 | Bailey   | Noticed an orc knight
  8475 | Bailey   | Killed an orc knight
  8476 | Bailey   | Reached XP level 10. HP: 33/78 MP: 16/20
  8490 | Bailey   | Killed an orc knight
  8914 | D:8      | Reached skill level 5 in Air Magic
  9555 | D:8      | Reached skill level 7 in Staves
  9796 | D:9      | Reached skill level 5 in Conjurations
 10262 | D:9      | Reached skill level 8 in Staves
 10431 | D:9      | Reached skill level 9 in Staves
 10462 | D:9      | Found a staircase to the Orcish Mines.
 10678 | D:9      | Found a glowing silver altar of Zin.
 10827 | D:10     | Entered Level 10 of the Dungeon
 10827 | D:10     | Noticed Harold
 11018 | D:10     | Noticed a soul eater
 11018 | D:10     | Noticed a sun demon
 11207 | D:10     | Reached XP level 11. HP: 72/84 MP: 9/21
 11863 | D:10     | Killed Harold
 11864 | D:10     | Reached skill level 1 in Evocations
 12685 | D:11     | Noticed Fannar
 12696 | D:11     | Noticed a brown ugly thing
 12866 | D:11     | Identified the +0 plate armour "Xaebi" {rPois rC+ MP+9}
 13097 | D:11     | Noticed a two-headed ogre
 13108 | D:11     | Killed a two-headed ogre
 13109 | D:11     | Reached skill level 10 in Staves
 13197 | D:11     | Noticed an eight-headed hydra
 13311 | D:11     | Killed Fannar
 13426 | D:11     | Noticed a two-headed ogre
 13446 | D:11     | Killed a two-headed ogre
 13601 | D:11     | Killed a brown ugly thing
 13602 | D:11     | Reached skill level 11 in Staves
 13940 | D:11     | Noticed an ice dragon
 13970 | D:11     | HP: 3/84 [ice dragon (9)]
 13970 | D:11     | Slain by an ice dragon

Illustrated notes

Levels and vault maps discovered:
D:1:      heliophobic_arrival_glass_houses, layout_loops_ring,
          shapermc_ecumenical_altar_notcrosses
D:2:      layout_rooms, hangedman_glass_teeth, uniq_robin, uniq_sigmund
D:3:      layout_basic, kennysheep_decorative_pillar,
          hangedman_decor_peaks_small
D:4:      layout_rooms, serial_shops, nicolae_shop_hallway_stairs, uniq_edmund
D:5:      layout_rooms, chequers_garden, lemuel_flame_loot_1, uniq_grinder
D:6:      layout_basic, minmay_temple_entry_large_hall,
          minmay_misc_feat_more_columns, minmay_misc_feat_four_crosses,
          chequers_decorated_corner
D:7:      layout_cave_pools, serial_shops, kennysheep_little_box, shop,
          nicolae_shop_window_shopping, minivault_19
D:8:      layout_gridville, david_lair_generic, enter_bailey_3
D:9:      layout_loops_ring, zin_treasury, orc_0_dummy
D:10:     layout_long_grid, kennysheep_generic_room_6, uniq_harold
D:11:     layout_loops_ring, portal_ice_cave_entry_animals_and_master,
          uniq_fannar

Skill      XL: |  1  2  3  4  5  6  7  8  9 10 11 |
---------------+----------------------------------+-----
Dodging        | 2 3 |  3.0
Poison Magic   | 4 5 |  5.4
Spellcasting   | 3 4 5 6 7 8 |  8.0
Staves         | 1 3 4 6 9 11 | 11.1
Fighting       | 2 3 4 |  4.0
Throwing       | 1 2 |  2.0
Necromancy     | 4 |  4.3
Conjurations   | 1 3 5 |  5.5
Ice Magic      | 3 5 6 |  6.5
Air Magic      | 4 5 |  5.7
Evocations     | 2 |  2.0
Stealth        | 2 |  2.0
Transmutations | |  1.0

Action                   |  1- 3 |  4- 6 |  7- 9 | 10-12 || total
-------------------------+-------+-------+-------+-------++-------
Melee: Unarmed           |    46 |    22 |       |       ||    68
       Tailslap          |     6 |     8 |    23 |    24 ||    61
       Punch             |     1 |       |       |       ||     1
       Quarterstaff      |       |    45 |   142 |   163 ||   350
Throw: Boomerang         |       |     6 |     7 |       ||    13
       Dart              |       |       |       |     4 ||     4
 Cast: Sting             |    34 |    23 |     2 |     2 ||    61
       Poisonous Vapours |    13 |    46 |    39 |    51 ||   149
       Olgreb's Toxic Ra |       |     8 |    44 |    43 ||    95
       Dispel Undead     |       |       |     6 |    22 ||    28
       Hailstorm         |       |       |     1 |     5 ||     6
Evoke: Wand              |       |       |       |    11 ||    11
  Use: Potion            |     2 |       |     7 |     4 ||    13
       Scroll            |       |       |    12 |    14 ||    26
 Stab: Sleeping          |       |       |     1 |       ||     1
       Paralysed         |       |       |       |     4 ||     4
Armor: Skin              |    32 |    35 |    49 |    90 ||   206
Dodge: Dodged            |    59 |    75 |   116 |   185 ||   435
